[Event "FIDE WCCC U8 2018"]
[Site "Santiago de Compostela"]
[Date "2018.11.07"]
[Round "3"]
[White "Finek, Vaclav"]
[Black "Prada Villagrasa, Pau Manel"]
[Result "0-1"]
[ECO "A40"]
[WhiteElo "1942"]
[BlackElo "1530"]
[Annotator "NA RC"]
[PlyCount "68"]
[EventDate "2018.11.04"]
[EventType "swiss"]
[EventCountry "ESP"]
[SourceTitle "playchess.com"]
[Source "ChessBase"]
[SourceQuality "1"]
[TimeControl "40/5400+30:1800+30"]

1. d4 e6 2. c4 b6 3. Nf3 Bb7 4. g3 Bb4+ 5. Bd2 Bxd2+ {[%emt 0:02:12] A40: Unusual replies to 1 d4} (5... Bxf3 6. exf3 Bxd2+ 7. Qxd2 Nf6 8. Bg2 d5 9. f4 Nc6 10. Nc3 Ne7 11. O-O c6 12. cxd5 cxd5 13. Rfc1 O-O 14. Rc2 Qd7 15. Rac1 {½-½ (36) Batchuluun,T (2570)-Giri,A (2780) Batumi 2018}) 6. Nbxd2 {[%emt 0:00:46] LiveBook: 6 Games} ({Reject} 6. Kxd2 Qf6 $17) 6... Nc6 7. e3 $146 ({Predecessor:} 7. Bg2 Nxd4 8. O-O Nxf3+ 9. Nxf3 Nf6 10. b4 O-O 11. Qb3 Qe7 12. Rfd1 d5 13. c5 bxc5 14. bxc5 {0-1 (32) Lafaurie,P (2072)-Plantet,M (1910) Montigny le Bretonneux 2002}) 7... e5 (7... f5 $11) 8. d5 ({Reject} 8. dxe5 $6 Nxe5 9. Be2 (9. Nxe5 Bxh1 10. Qg4 d6 $15) 9... Nf6 $11) 8... Nb4 9. a3 Na6 10. Nxe5 Qf6 (10... Qe7 $142) 11. Nd3 d6 12. Qa4+ Kd8 13. Bh3 Nb8 14. O-O h5 15. Kg2 (15. Rae1 $18 {has better winning chances.}) 15... g5 16. Kg1 g4 17. Bg2 h4 18. Rfc1 Ne7 19. b4 hxg3 20. hxg3 Nd7 $1 $11 21. Qb3 Rb8 22. Qa4 $2 (22. Qd1 $18) 22... a6 $2 23. Qd1 Qg5 24. Nf4 Nf6 25. Ne4 Nxe4 26. Bxe4 Bc8 27. Ne2 Bf5 {[%emt 0:01:22] [#]} 28. Bg2 $1 ({Don't do} 28. Bxf5 $6 Qxf5 29. Nf4 Qe4 $16) 28... Qg6 (28... Ng6 $16 29. c5 bxc5) 29. Qd4 Kd7 $2 (29... Qh6 {is a better defense.} 30. Kf1 Bd7) 30. e4 Qh5 31. exf5 Rh7 32. c5 Rbh8 33. c6+ Kd8 34. Qd3 $4 {[%emt 0:01:11] [#]} (34. Kf1 $18) 34... Qh1+ 0-1

[Event "FIDE WCCC U8 2018"]
[Site "Santiago de Compostela"]
[Date "2018.11.07"]
[Round "3"]
[White "Nurgaliyev, Sauat"]
[Black "Yonal, Timur"]
[Result "1-0"]
[ECO "B41"]
[WhiteElo "1764"]
[BlackElo "1524"]
[Annotator "NA RC"]
[PlyCount "113"]
[EventDate "2018.11.04"]
[EventType "swiss"]
[EventCountry "ESP"]
[SourceTitle "playchess.com"]
[Source "ChessBase"]
[SourceQuality "1"]
[TimeControl "40/5400+30:1800+30"]

1. e4 c5 2. Nf3 e6 3. d4 cxd4 4. Nxd4 a6 5. c4 Nf6 6. Nc3 Qc7 7. a3 Be7 8. Be3 d6 9. Be2 Nbd7 10. O-O b6 11. f4 Bb7 12. Qc2 O-O 13. b4 Rac8 14. Rac1 Rfe8 15. Qb1 Qb8 16. Nb3 Qa8 17. Bd3 Ng4 18. Rf3 Nxe3 19. Rxe3 g6 20. Rf1 b5 21. Na5 Qa7 22. Qe1 Ba8 23. Qf2 Bd8 24. Nd1 Bb6 25. g4 Bxe3 26. Nxe3 Qb6 27. g5 Rb8 28. h4 Qd4 29. Rd1 Qg7 30. Ng4 f5 31. Nh6+ Kh8 32. Qa7 fxe4 33. Be2 d5 34. c5 Rec8 35. Qxa6 Nf8 36. Bxb5 Rc7 37. Bf1 Qc3 38. Qe2 Qg3+ 39. Bg2 Qxa3 40. Qa6 Qe3+ 41. Kh1 Qc3 42. Qd6 Qg7 43. Rb1 Rd7 44. Qxb8 Ra7 45. c6 e3 46. Qe5 Qxe5 47. fxe5 d4 48. Be4 Nd7 49. Ng4 Nb6 50. Nb3 d3 51. Nxe3 Na4 52. Ra1 Kg7 53. Nc5 d2 54. Rxa4 Rf7 55. Nxe6+ Kg8 56. Rxa8+ Rf8 57. Rxf8# 1-0

[Event "FIDE WCCC U8 2018"]
[Site "Santiago de Compostela"]
[Date "2018.11.07"]
[Round "3"]
[White "Lu, Miaoyi"]
[Black "Chen, Zhiyuan"]
[Result "1-0"]
[ECO "D76"]
[WhiteElo "1717"]
[BlackElo "1459"]
[Annotator "NA RC"]
[PlyCount "107"]
[EventDate "2018.11.04"]
[EventType "swiss"]
[EventCountry "ESP"]
[SourceTitle "playchess.com"]
[Source "ChessBase"]
[SourceQuality "1"]
[TimeControl "40/5400+30:1800+30"]

1. d4 Nf6 2. c4 g6 3. g3 Bg7 4. Bg2 d5 5. cxd5 Nxd5 6. Nf3 O-O 7. O-O Nb6 8. Nc3 Nc6 9. e3 Re8 10. Nh4 Bd7 11. f4 e6 12. Nf3 f5 13. b3 Qe7 14. Bb2 Nd5 15. Qe2 a6 16. Rfc1 Rac8 17. Na4 Ncb4 18. Nc3 Nxc3 19. Bxc3 Bb5 20. Qd2 Nd5 21. Bb2 h6 22. a4 Bc6 23. Ba3 Qf7 24. Rc5 g5 25. fxg5 hxg5 26. Nxg5 Qf6 27. Nf3 Bh6 28. Re1 Bf8 29. Rxc6 bxc6 30. Bxf8 Rxf8 31. Ne5 Qg5 32. Nxc6 Rf7 33. Qa5 Nxe3 34. Qxa6 Re8 35. Ne5 Rg7 36. Qc6 Ree7 37. a5 f4 38. a6 fxg3 39. a7 gxh2+ 40. Kh1 Qg3 41. a8=Q+ Kh7 42. Qe4+ Nf5 43. Rf1 Rg5 44. Qf4 Qxf4 45. Rxf4 Rh5 46. Qf3 Rh6 47. Ng4 Rg6 48. Kxh2 Reg7 49. d5 Rg5 50. dxe6 Ne7 51. Qh3+ Kg8 52. Nh6+ Kh8 53. Nf7+ Kg8 54. Qh8# 1-0

[Event "FIDE WCCC U8 2018"]
[Site "Santiago de Compostela"]
[Date "2018.11.07"]
[Round "3"]
[White "Udipi, Kala Kishan"]
[Black "Tulendinov, Dinmukhammed"]
[Result "0-1"]
[ECO "E15"]
[WhiteElo "1653"]
[BlackElo "1430"]
[Annotator "NA RC"]
[PlyCount "62"]
[EventDate "2018.11.04"]
[EventType "swiss"]
[EventCountry "ESP"]
[SourceTitle "playchess.com"]
[Source "ChessBase"]
[SourceQuality "1"]
[TimeControl "40/5400+30:1800+30"]

1. d4 Nf6 2. Nf3 e6 3. c4 b6 4. g3 Ba6 5. Qc2 Bb4+ 6. Bd2 Be7 7. Bg2 c6 8. O-O O-O 9. Re1 d5 10. b3 Nbd7 11. a4 Rc8 12. cxd5 cxd5 13. Nc3 Ne4 14. Qb2 Nxc3 15. Bxc3 Qc7 16. Rac1 Qb8 17. e3 Rc7 18. Bf1 Bxf1 19. Kxf1 Rfc8 20. Kg2 Nf6 21. Nd2 Rc6 22. Qa1 R8c7 23. f3 Qc8 24. Nb1 Bb4 25. Bxb4 Rxc1 26. Rxc1 Rxc1 27. Bc3 Qa6 28. Kh3 Qf1+ 29. Kh4 Rxb1 30. Qa3 Qxf3 31. Qd6 Qg4# 0-1

[Event "FIDE WCCC U8 2018"]
[Site "Santiago de Compostela"]
[Date "2018.11.07"]
[Round "3"]
[White "Usov, Aleksandr E."]
[Black "Ibanez Macias, Julen"]
[Result "1-0"]
[ECO "A43"]
[WhiteElo "1640"]
[BlackElo "1235"]
[Annotator "NA RC"]
[PlyCount "58"]
[EventDate "2018.11.04"]
[EventType "swiss"]
[EventCountry "ESP"]
[SourceTitle "playchess.com"]
[Source "ChessBase"]
[SourceQuality "1"]
[TimeControl "40/5400+30:1800+30"]

1. d4 c5 2. dxc5 e6 3. a3 Bxc5 4. Nf3 Nf6 5. b4 Bb6 6. Bb2 a6 7. e3 Nc6 8. Be2 O-O 9. O-O d5 10. Nbd2 Re8 11. c4 e5 12. cxd5 Nxd5 13. Bc4 Bg4 14. Qb3 Be6 15. Rfd1 Nce7 16. e4 Nf4 17. Bxe6 Nxe6 18. Nc4 Nd4 19. Nxd4 Bxd4 20. Nxe5 Bxf2+ 21. Kxf2 Qb6+ 22. Bd4 Qf6+ 23. Kg1 Qf4 24. Rf1 Qxe4 25. Qxf7+ Kh8 26. Rf4 Qc2 27. Raf1 Ng6 28. Nxg6+ Qxg6 29. Qf8+ Rxf8 1-0

[Event "FIDE WCCC U8 2018"]
[Site "Santiago de Compostela"]
[Date "2018.11.07"]
[Round "3"]
[White "Gordeev, Denis"]
[Black "Begmuratov, Khumoyun"]
[Result "0-1"]
[ECO "C96"]
[WhiteElo "1553"]
[BlackElo "1880"]
[Annotator "NA RC"]
[PlyCount "158"]
[EventDate "2018.11.04"]
[EventType "swiss"]
[EventCountry "ESP"]
[SourceTitle "playchess.com"]
[Source "ChessBase"]
[SourceQuality "1"]
[TimeControl "40/5400+30:1800+30"]

1. e4 e5 2. Nf3 Nc6 3. Bb5 a6 4. Ba4 Nf6 5. O-O d6 6. Re1 Be7 7. c3 O-O 8. h3 b5 9. Bb3 Na5 10. Bc2 c5 11. d4 Nc6 12. d5 Nb8 13. a4 {[%emt 0:01:40] C96: Spanische Partie (Abweichungen vom Tschigorin-System)} Bb7 {[%emt 0:03:22] LiveBook: 7 Games} (13... b4 14. a5 Nbd7 15. Nbd2 Rb8 16. Nc4 Ne8 17. Bd2 bxc3 18. bxc3 h6 19. g3 Ndf6 20. Kg2 Nh7 {1-0 (44) Kanarek,M (2527)-Dauth,B (2338) Germany 2016}) 14. Nbd2 Nbd7 15. Nf1 g6 16. Ng3 Re8 17. Bg5 Bf8 (17... c4 $11 {remains equal.}) 18. Qd2 Bg7 $146 ({Vorgänger:} 18... Nb6 19. b3 Be7 20. a5 Nbd7 {½-½ (43) Diviak,R (1956)-Vogl,Z (1932) Slovakia 2017}) 19. Bh6 Bxh6 20. Qxh6 Qe7 21. Qg5 Kh8 22. Nh2 ({Better is} 22. b4 $16) 22... Nxd5 $1 23. Qd2 Nf4 24. Nf3 (24. Red1 $15) 24... Nf6 25. Rad1 Red8 26. Qc1 c4 27. b3 Rac8 28. axb5 axb5 29. b4 Qc7 30. Ne2 Nd3 ({Resist} 30... Nxe4 31. Bxe4 Bxe4 32. Nxf4 $15) 31. Bxd3 cxd3 32. Ng3 Qxc3 33. Qg5 Ng8 34. h4 h6 35. Qg4 $2 (35. Qe3 $17) 35... Nf6 36. Qh3 Rc4 37. Nd2 Bc8 38. Qh1 Rxb4 39. f3 Rb2 40. Ngf1 Be6 41. Kh2 Qd4 42. Qg1 Qxg1+ 43. Kxg1 d5 44. exd5 Rxd5 45. Ne3 Rc5 46. g4 Bb3 47. Nxb3 Rxb3 48. Rd2 e4 49. Kf2 exf3 50. Kxf3 Nd7 51. Red1 f5 52. Kg3 Re5 53. Kf3 Nc5 54. gxf5 gxf5 55. Kf4 Re4+ 56. Kf3 Rbb4 57. Ra2 Re8 58. Rh2 Rbe4 59. Nf1 Re2 60. Rf2 {[%emt 0:00:48] [#]} Ne4 $1 61. Rh2 Rxh2 62. Nxh2 d2 63. Nf1 Kg7 64. Ne3 $2 (64. Nxd2 Nc3 65. Ra1) 64... Kf6 65. Nf1 Rd8 66. Ke3 Ke5 67. Kf3 b4 (67... Rd3+ $142 68. Kg2 b4 69. Kh2 b3 70. Kg1 b2 71. h5 Nc3 72. Nxd2 Nxd1 73. Nc4+ Kf4 74. Nxb2 Nxb2 75. Kg2 Rd2+ 76. Kf1 Nd3 77. Kg1 Kg3 78. Kf1 Kh3 79. Kg1 Rd1#) 68. Nxd2 Rxd2 69. Rxd2 Nxd2+ 70. Ke2 Ne4 71. Kd1 f4 72. Ke2 b3 73. Kd1 f3 74. Kc1 f2 75. Kb2 f1=Q 76. Kxb3 Kd4 77. Kb4 Qb1+ 78. Ka3 Nc5 79. h5 Qb3# 0-1

[Event "FIDE WCCC U8 2018"]
[Site "Santiago de Compostela"]
[Date "2018.11.07"]
[Round "3"]
[White "Motoyama, Wesley Winsen"]
[Black "Hajdu, Marton Abris"]
[Result "0-1"]
[ECO "B34"]
[WhiteElo "1502"]
[BlackElo "1755"]
[Annotator "NA RC"]
[PlyCount "84"]
[EventDate "2018.11.04"]
[EventType "swiss"]
[EventCountry "ESP"]
[SourceTitle "playchess.com"]
[Source "ChessBase"]
[SourceQuality "1"]
[TimeControl "40/5400+30:1800+30"]

1. e4 c5 2. Nf3 Nc6 3. d4 cxd4 4. Nxd4 g6 5. Nc3 Bg7 6. Be3 Nf6 7. Nxc6 bxc6 8. e5 Nd5 9. Nxd5 cxd5 10. Qxd5 Rb8 11. Bxa7 Rxb2 12. Bd4 Rxc2 13. Bd3 e6 14. Qb5 Rc6 15. Qb4 Qg5 16. O-O Qf4 17. Bb5 Bxe5 18. g3 Qxd4 19. Qxd4 Bxd4 20. Bxc6 Bxa1 21. Bf3 Bg7 22. a4 O-O 23. Rc1 Ba6 24. Rc7 d5 25. Ra7 Bc4 26. a5 Rb8 27. Kg2 Bd4 28. a6 Bxa7 29. h4 Rb2 30. Kh3 h5 31. Bg2 Bxf2 32. Kh2 Ba7 33. Kh3 Bg1 34. g4 Rb3+ 35. Bf3 hxg4+ 36. Kxg4 f5+ 37. Kf4 Bh2+ 38. Kg5 Kg7 39. a7 Ra3 40. a8=Q Rxa8 41. h5 gxh5 42. Bxh5 e5 0-1

[Event "FIDE WCCC U8 2018"]
[Site "Santiago de Compostela"]
[Date "2018.11.07"]
[Round "3"]
[White "Chennareddy, Yuvraj"]
[Black "Azadaliyev, Jahandar"]
[Result "1-0"]
[ECO "B12"]
[WhiteElo "1497"]
[BlackElo "1674"]
[Annotator "NA RC"]
[PlyCount "163"]
[EventDate "2018.11.04"]
[EventType "swiss"]
[EventCountry "ESP"]
[SourceTitle "playchess.com"]
[Source "ChessBase"]
[SourceQuality "1"]
[TimeControl "40/5400+30:1800+30"]

1. e4 c6 2. d4 d5 3. f3 dxe4 4. fxe4 e5 5. Nf3 Be6 6. c3 Nd7 7. Be2 Bd6 8. O-O h6 9. Nbd2 Ngf6 10. Qc2 O-O 11. Nc4 Qc7 12. Nxd6 Qxd6 13. Nxe5 Nxe5 14. Bf4 Nfd7 15. dxe5 Qc5+ 16. Kh1 Rad8 17. b4 Qe7 18. Qa4 a6 19. Qa5 c5 20. b5 b6 21. Qa4 a5 22. c4 Nb8 23. Rad1 Rd4 24. Rxd4 cxd4 25. Bc1 Rc8 26. Ba3 Qb7 27. Qc2 Qd7 28. Bd6 Qd8 29. Rd1 Nd7 30. Rxd4 Qg5 31. Qd2 Qh4 32. g3 Qh3 33. Qd1 Kh7 34. Qf1 Qxf1+ 35. Bxf1 h5 36. h4 Kg8 37. Kh2 g6 38. Bh3 Kg7 39. Bxe6 fxe6 40. Kg2 Kf7 41. Kf3 Ke8 42. Kf4 Kf7 43. Kg5 a4 44. a3 Kg7 45. Be7 Rc7 46. Bd8 Rb7 47. Rd6 Kf7 48. Bf6 Nc5 49. Kf4 Nd7 50. Rc6 Nc5 51. Rc8 Nd7 52. Bd8 Kg7 53. Rc7 Rxc7 54. Bxc7 Kf7 55. Kg5 Kg7 56. Bd8 Kh7 57. Bc7 Kg7 58. g4 hxg4 59. Kxg4 Kh6 60. Bd6 Kg7 61. h5 gxh5+ 62. Kxh5 Kh7 63. Kg5 Kg7 64. Kf4 Kf7 65. Ke3 Ke8 66. Kd4 Kd8 67. Kc3 Kc8 68. Kb4 Kb7 69. Kxa4 Ka7 70. Kb3 Kb7 71. a4 Kc8 72. Kb4 Kb7 73. a5 bxa5+ 74. Kxa5 Nb6 75. c5 Nc8 76. b6 Ka8 77. Kb5 Nxd6+ 78. cxd6 Kb8 79. d7 Kb7 80. Kc5 Ka6 81. d8=Q Kb7 82. Qc7+ 1-0

[Event "FIDE WCCC U8 2018"]
[Site "Santiago de Compostela"]
[Date "2018.11.07"]
[Round "3"]
[White "Jaakkola, Niklas"]
[Black "Grooten, Tommy"]
[Result "0-1"]
[ECO "A08"]
[WhiteElo "1469"]
[BlackElo "1649"]
[Annotator "NA RC"]
[PlyCount "66"]
[EventDate "2018.11.04"]
[EventType "swiss"]
[EventCountry "ESP"]
[SourceTitle "playchess.com"]
[Source "ChessBase"]
[SourceQuality "1"]
[TimeControl "40/5400+30:1800+30"]

1. Nf3 d5 2. g3 c5 3. Bg2 Nc6 4. O-O Nf6 5. d3 e5 6. Nbd2 Bd6 7. e4 d4 8. Nc4 Bc7 9. a4 Be6 10. b3 O-O 11. Ne1 Nd7 12. f4 Qe7 13. f5 Bxc4 14. bxc4 Kh8 15. Qf3 Ba5 16. Qf2 Bc3 17. Ra3 Bb4 18. Ra2 f6 19. Bd2 Nb6 20. Nf3 Bxd2 21. Qxd2 Qd7 22. Rfa1 Nb4 23. Ra3 Rac8 24. g4 Nc6 25. h4 g6 26. a5 Na8 27. Qh6 Qg7 28. Qxg7+ Kxg7 29. Rb3 Rb8 30. Rb5 Nb4 31. Rxc5 Nxc2 32. Rb1 Ne3 33. Rc7+ Nxc7 0-1

[Event "FIDE WCCC U8 2018"]
[Site "Santiago de Compostela"]
[Date "2018.11.07"]
[Round "3"]
[White "Mammadov, Ziya"]
[Black "Woodward, Andy"]
[Result "1/2-1/2"]
[ECO "A06"]
[WhiteElo "1446"]
[BlackElo "1607"]
[Annotator "NA RC"]
[PlyCount "102"]
[EventDate "2018.11.04"]
[EventType "swiss"]
[EventCountry "ESP"]
[SourceTitle "playchess.com"]
[Source "ChessBase"]
[SourceQuality "1"]
[TimeControl "40/5400+30:1800+30"]

1. Nf3 d5 2. b3 Nf6 3. Bb2 c6 4. d4 Bf5 5. e3 Nbd7 6. Bd3 e6 7. O-O Be7 8. Ne5 O-O 9. f4 h5 10. Be2 g6 11. Nd2 Kg7 12. c4 Rc8 13. Ndf3 Rh8 14. Bd3 Ne4 15. Rc1 f6 16. Nxd7 Qxd7 17. cxd5 cxd5 18. Qe2 a6 19. Nd2 Bg4 20. Nf3 f5 21. Qe1 Bxf3 22. gxf3 Rxc1 23. Bxc1 Nf6 24. Bb2 Qd6 25. Qd2 Rc8 26. Rc1 Rc6 27. Rxc6 Qxc6 28. Qc3 Qxc3 29. Bxc3 Bd6 30. Kf2 Nd7 31. Ke2 Nb8 32. b4 b5 33. Kd1 Kf6 34. h4 Ke7 35. Kc2 Kd7 36. Kb3 Kc6 37. Bd2 Be7 38. Be1 Bf6 39. Bf2 Nd7 40. a4 Nb6 41. axb5+ axb5 42. Bc2 Nc4 43. Kc3 Kb6 44. e4 Kc6 45. Bd3 Kb6 46. Be2 Kc6 47. Bd3 Kb6 48. Bc2 Kc6 49. Bd3 Kb6 50. Be2 Kc6 51. exd5+ exd5 1/2-1/2